Map: Chantier naval orbital

Players

AgCl

  • Race: Protoss Protoss
  • League: Grandmaster

Oldhairynose - Winner!

  • Race: Zerg Zerg
  • League: Grandmaster

VOD

Have the link to the VOD?

Description

Time

  • Played on: May 30, 2015, 9:23 p.m.
  • Length: 10:18
Show
View Real Time Build Order
Export as new Build Order

AgCl Protoss 

Build Orders: Oracle Opening, Oracle Opening, Carrier Rush 

Get SALT Encoding   

  12  0:02  Probe  
  13  0:17  Pylon  
  13  0:18  Probe  
  15  0:39  Assimilator  
  14  0:45  Gateway  
  14  0:47  Probe  
  15  0:59  Probe  
  17  1:11  Probe  
  17  1:23  Probe  
  17  1:24  Pylon  
  18  1:35  Probe (Chrono Boost)  
  18  1:38  Cybernetics Core  
  19  1:46  Probe (Chrono Boost)  
  20  1:52  Probe  
  21  2:03  Nexus  
  21  2:04  Probe (Chrono Boost)  
  23  2:16  Probe (Chrono Boost)  
  23  2:21  Pylon  
  23  2:22  Probe (Chrono Boost), Stargate  
  24  2:34  Probe, Assimilator  
  25  2:46  Probe  
  25  2:58  Probe (Chrono Boost)  
  25  3:05  Oracle (Chrono Boost)  
  26  3:09  Probe (Chrono Boost)  
  26  3:12  Assimilator  
  30  3:15  Probe x2  
  30  3:19  Pylon  
  32  3:23  Warp Gate  
  32  3:32  Mothership Core (Chrono Boost), Probe (Chrono Boost)  
  36  3:43  Probe (Chrono Boost), Assimilator  
  37  3:49  Probe (Chrono Boost)  
  37  3:51  Probe (Chrono Boost)  
  39  3:57  Probe (Chrono Boost)  
  39  4:00  Probe (Chrono Boost)  
  40  4:03  Probe (Chrono Boost)  
  42  4:10  Probe (Chrono Boost), Pylon  
  42  4:13  Fleet Beacon  
  42  4:15  Probe (Chrono Boost)  
  45  4:26  Probe x2 (Chrono Boost)  
  45  4:32  Probe (Chrono Boost)  
  45  4:33  Probe (Chrono Boost)  
  47  4:44  Probe (Chrono Boost)  
  47  4:45  Probe (Chrono Boost)  
  49  4:47  Carrier (Chrono Boost)  
  51  4:54  Probe x2 (Chrono Boost)  
  51  5:01  Probe  
  51  5:02  Probe  
  53  5:11  Gateway, Graviton Catapult  
  53  5:12  Gateway  
  53  5:13  Probe, Gateway  
  60  5:14  Pylon  
  60  5:23  Protoss Air Weapons Level 1  
  60  5:25  Nexus  
  60  5:28  Pylon  
  60  5:31  Gateway  
  60  5:46  Adept  
  62  5:50  Carrier (Chrono Boost)  
  62  5:58  Pylon, Stargate  
  68  6:16  Adept  
  68  6:17  Adept x2  
  74  6:20  Pylon  
  74  6:25  Twilight Council  
  74  6:26  Pylon  
  74  6:28  Forge  
  74  6:31  Carrier (Chrono Boost)  
  74  6:38  Adept, Carrier (Chrono Boost)  
  74  6:39  Adept  
  84  6:53  Pylon  
  83  7:12  Adept x4  
  77  7:17  Adept  
  77  7:18  Adept  
  77  7:19  Adept x2  
  79  7:27  Dark Shrine  
  79  7:28  Protoss Ground Weapons Level 1 (Chrono Boost)  
  72  7:38  Adept x3  
  72  7:39  Adept  
  80  7:44  Carrier (Chrono Boost)  
  70  8:02  Shield Upgrade  
  70  8:04  Adept  
  70  8:05  Adept x3  
  68  8:24  Carrier (Chrono Boost)  
  66  8:30  Probe (Chrono Boost)  
  66  8:32  Assimilator  
  66  8:33  Probe (Chrono Boost)  
  69  8:35  Probe (Chrono Boost)  
  69  8:37  Assimilator  
  77  8:41  Probe x2 (Chrono Boost), Pylon  
  77  8:42  Dark Templar  
  77  8:43  Zealot  
  77  8:44  Adept, Zealot  
  77  8:45  Probe (Chrono Boost)  
  88  8:48  Probe x2 (Chrono Boost)  
  89  8:58  Probe (Chrono Boost)  
  89  8:59  Probe (Chrono Boost), Zealot  
  86  9:04  Zealot x2  
  86  9:05  Probe (Chrono Boost)  
  86  9:08  Probe (Chrono Boost)  
  86  9:11  Probe (Chrono Boost)  
  86  9:15  Photon Cannon  
  86  9:24  Adept x3  
  71  9:32  Probe (Chrono Boost)  
  71  9:37  Probe (Chrono Boost)  
  74  9:49  Probe (Chrono Boost)  
  74  9:52  Probe (Chrono Boost)  
  76  9:53  Probe (Chrono Boost)  
Show
View Real Time Build Order
Export as new Build Order

Oldhairynose Zerg - Winner!

Build Orders: 3 Hatch before Pool 

Get SALT Encoding   

  12  0:01  Drone  
  13  0:11  Drone  
  14  0:20  Overlord  
  14  0:29  Extractor  
  14  0:30  Drone  
  15  0:44  Drone x3  
  18  0:57  Hatchery  
  18  0:59  Drone  
  18  1:25  Hatchery  
  17  1:37  Spawning Pool  
  16  1:40  Drone x2, Extractor  
  16  1:44  Drone  
  18  1:54  Drone  
  19  2:04  Overlord  
  19  2:24  Queen x2  
  19  2:25  Zergling x2  
  19  2:26  Zergling x2  
  25  2:32  Drone x2  
  25  2:33  Drone  
  29  2:44  Drone x3  
  29  2:49  Metabolic Boost  
  31  2:57  Queen  
  33  3:04  Drone x3  
  33  3:05  Drone  
  37  3:14  Overlord  
  37  3:15  Drone x2  
  37  3:16  Drone  
  40  3:23  Overlord  
  40  3:28  Drone x2  
  40  3:33  Drone  
  43  3:40  Spore Crawler  
  42  3:41  Spore Crawler  
  42  3:43  Spore Crawler  
  40  3:53  Drone  
  40  3:54  Drone x10  
  52  3:55  Drone  
  52  4:09  Extractor  
  51  4:11  Extractor  
  51  4:12  Drone x2  
  51  4:13  Drone  
  51  4:16  Drone x2  
  51  4:17  Drone x3  
  58  4:18  Overlord x3  
  56  4:26  Zergling x4  
  58  4:37  Drone  
  58  4:38  Drone x5  
  64  4:39  Evolution Chamber, Drone  
  64  4:41  Roach Warren  
  64  4:42  Extractor  
  62  4:48  Lair  
  62  4:50  Drone x3  
  65  4:53  Drone  
  66  5:00  Drone  
  66  5:01  Drone x7  
  66  5:03  Extractor  
  66  5:04  Extractor  
  66  5:05  Overlord x2  
  72  5:18  Overlord  
  72  5:22  Zerg Missile Weapons Level 1  
  72  5:30  Hatchery  
  72  5:34  Drone x6  
  72  5:35  Drone  
  78  5:40  Zergling x14  
  84  5:50  Overseer  
  84  5:53  Drone  
  85  5:58  Hydralisk Den  
  85  6:02  Hatchery  
  83  6:06  Glial Reconstitution  
  83  6:08  Roach x11  
  83  6:10  Overlord x2  
  105  6:16  Overseer  
  105  6:28  Hydralisk x8  
  105  6:31  Muscular Augments  
  121  6:38  Overlord x3  
  121  6:57  Hydralisk x10  
  127  7:10  Hydralisk x6  
  127  7:11  Hydralisk  
  116  7:34  Hydralisk  
  116  7:35  Hydralisk x6  
  116  7:36  Zergling x20  
  138  7:42  Drone x5  
  138  7:43  Drone  
  142  7:46  Lurker Den  
  132  7:52  Hydralisk x2  
  132  7:53  Hydralisk x3  
  134  8:09  Zergling x24  
  142  8:17  Spire  
  129  8:20  Drone x7  
  129  8:23  Extractor  
  129  8:24  Extractor  
  127  8:27  Hydralisk x3  
  133  8:49  Drone x5  
  133  8:50  Overlord x4  
  133  8:54  Hydralisk x6  
  146  9:12  Overlord  
  143  9:22  Overlord x3  
  141  9:28  Corruptor  
  141  9:29  Corruptor x6  
  152  9:33  Zergling x8  
  154  9:38  Hatchery, Overseer  
  153  9:54  Zergling x4  
  153  9:55  Zergling x20  
  153  9:56  Zergling x12  
Tags
 
Add a new tag
Caveats
  • Supply blocks, unpowered buildings, or Contaminate may cause inaccurate times.
  • Supply counts are checked every 10 seconds.